 Dungeon Crawl Stone Soup version 0.28.0 (webtiles) character file.

Game seed: 8536473523923050428

32 freelancePsychic the Skirmisher (level 3, -2/30 HPs)
             Began as a Ghoul Hedge Wizard on Feb 16, 2022.
             Slain by a gnoll (6 damage)
             ... on level 3 of the Dungeon.
             The game lasted 00:01:36 (1536 turns).

freelancePsychic the Skirmisher (GhWz)              Turns: 1536, Time: 00:01:37

Health: -2/30      AC:  6    Str: 15    XL:     3   Next: 27%
Magic:  6/6        EV:  9    Int:  9    God:
Gold:   80         SH:  0    Dex:  8    Spells: 6/7 levels left

rFire   . . .      SeeInvis .     - Unarmed
rCold   + . .      Faith    .   (no shield)
rNeg    + + +      Spirit   .   k - +0 scale mail
rPois   ∞          Reflect  .   c - +0 hat
rElec   .          Harm     .   (no cloak)
rCorr   .          Rampage  .   (no gloves)
Will    .....                   (no boots)
Stlth   ..........              (no amulet)
HPRegen 0.00/turn               (no ring)
MPRegen 0.10/turn               (no ring)

@: inhibited regen
A: claws 1, cold resistance 1, negative energy resistance 3, inhibited
regeneration, torment resistance 2
a: no special abilities


You were on level 3 of the Dungeon.
You visited 1 branch of the dungeon, and saw 3 of its levels.

You collected 80 gold pieces.

Inventory:

Armour
 b - a +0 robe
 c - a +0 hat (worn)
 k - a +0 scale mail (worn)
Scrolls
 a - a scroll of identify {unknown}
 d - a scroll of teleportation {unknown}
 e - a scroll of silence {unknown}
 h - a scroll of immolation {unknown}
 i - a scroll of summoning {unknown}
 l - a scroll of enchant weapon {unknown}
Potions
 f - a potion of curing {unknown}
 g - a potion of haste {unknown}
 j - a potion of lignification {unknown}


   Skills:
 + Level 2.7 Fighting
 - Level 1.7 Dodging
 - Level 2.1 Stealth
 + Level 1.2 Unarmed Combat
 - Level 2.6 Spellcasting
 - Level 0.7 Conjurations
 - Level 0.8 Summonings
 - Level 0.8 Translocations


You had 6 spell levels left.
You knew the following spells:

 Your Spells              Type           Power      Damage    Failure   Level
a - Magic Dart            Conj           8%         1d3       69%         1

Your spell library contained the following spells:

 Spells                   Type           Power      Damage    Failure   Level
 Slow                     Hex            4%         N/A       78%         1
 Blink                    Tloc           4%         N/A       80%         2
 Call Imp                 Summ           2%         N/A       80%         2
 Conjure Flame            Conj/Fire      1%         6-21      98%         3
 Mephitic Cloud           Conj/Pois/Air  1%         N/A       98%         3


Dungeon Overview and Level Annotations

Branches:
Dungeon (3/15)

Altars:

Annotations:
D:3 Jessica


Innate Abilities, Weirdness & Mutations

You thrive by killing the living.
You are immune to poison.
You have sharp fingernails.
Your flesh is cold resistant. (rC+)
You are immune to negative energy. (rN+++)
You do not regenerate when monsters are visible.
You are immune to unholy pain and torment.


Message History

The gnoll is lightly wounded.
The gnoll hits you but does no damage.
You barely miss the gnoll.
The gnoll is lightly wounded.
The gnoll barely misses you. The gnoll hits you but does no damage.
You scratch the gnoll but do no damage.
The gnoll is lightly wounded.
The gnoll hits you but does no damage. The gnoll barely misses you.
You scratch the gnoll.
The gnoll is lightly wounded.
The gnoll hits you but does no damage. The gnoll barely misses you.
You scratch the gnoll.
The gnoll is heavily wounded.
The gnoll hits you with a +0 flail. The gnoll hits you but does no damage.
The gnoll hits you with a +0 club.
You are too injured to fight recklessly!
You are too injured to fight recklessly!
You are too injured to fight recklessly!
You are too injured to fight recklessly!
You are too injured to fight recklessly!
You are too injured to fight recklessly!
You are too injured to fight recklessly!
You are too injured to fight recklessly!
You are too injured to fight recklessly!
You are too injured to fight recklessly!
There is a stone staircase leading down here.
The gnoll hits you with a +0 flail.
You climb downwards.
Jessica shouts!
Found 20 arrows.
Found a stone staircase leading up.
There is a stone staircase leading up here.
You barely miss the gnoll. The gnoll hits you with a +0 flail!
* * * LOW HITPOINT WARNING * * *
You barely miss the gnoll. The gnoll barely misses you.
You scratch the gnoll.
The gnoll is moderately wounded.
You scratch the gnoll.
The gnoll is heavily wounded.
The gnoll hits you with a +0 flail.
You die...

#############..
.......@......#
.......g#######
........#
......@.#
.........
..<.....#
...(....#
........#


You could see a gnoll and Jessica.

Vanquished Creatures
  An adder (D:2)
  4 ball pythons (D:1)
  3 bats
  2 endoplasms
  2 goblins (D:1)
  4 hobgoblins
  A kobold (D:2)
  A quokka (D:1)
  3 rats (D:1)
21 creatures vanquished.

Notes
Turn   | Place    | Note
-------+----------+-------------------------------------------
     0 | D:1      | freelancePsychic the Ghoul Hedge Wizard began the quest for
                  | the Orb.
     0 | D:1      | Reached XP level 1. HP: 14/14 MP: 3/3
   101 | D:1      | Reached skill level 1 in Fighting
   262 | D:1      | Reached XP level 2. HP: 24/24 MP: 4/4
  1361 | D:2      | Reached skill level 1 in Unarmed Combat
  1361 | D:2      | Reached XP level 3. HP: 23/30 MP: 6/6
  1532 | D:3      | Noticed Jessica
  1536 | D:3      | Slain by a gnoll

Illustrated notes

Levels and vault maps discovered:
D:1:      eino_arrival_cavern_a, layout_rooms, ebering_dispersal_statue_hall
D:2:      layout_basic, fountainhead, uniq_robin, uniq_natasha
D:3:      layout_rooms, uniq_jessica

Skill      XL: |  1  2 |
---------------+-------+-----
Fighting       | 1 2 |  2.7
Unarmed Combat | 1 |  1.2
Dodging        | |  1.7
Stealth        | |  2.1
Spellcasting   | |  2.6
Conjurations   | |  0.7
Summonings     | |  0.8
Translocations | |  0.8

Action                   || total
-------------------------++-------
Melee: Dagger            ||    56
       Punch             ||     4
       Unarmed           ||    69
Armor: Robe              ||    20
       Scale mail        ||    17
Dodge: Dodged            ||    84
